 Dungeon Crawl Stone Soup version 0.22.1-1-ga44c0e56f4 (webtiles) character file.

690 Cykl0x the Shield-Bearer (level 7, -3/54 HPs)
             Began as a Formicid Fighter on Nov 4, 2018.
             Slain by Pikel
             ... wielding a +1 whip of electrocution
              (12 damage)
             ... on level 5 of the Dungeon.
             The game lasted 00:10:15 (3421 turns).

Cykl0x the Shield-Bearer (Formicid Fighter)         Turns: 3421, Time: 00:10:15

Health: -3/54      AC: 10    Str: 22    XL:     7   Next: 95%
Magic:  7/7        EV:  7    Int:  7    God:
Gold:   186        SH: 12    Dex: 11    Spells: 6/6 levels left

rFire    . . .     SeeInvis +   a - +0 long sword
rCold    + . .     Gourm    .   c - +0 shield
rNeg     . . .     Faith    .   k - +0 chain mail
rPois    .         Spirit   .   (helmet unavailable)
rElec    .         Reflect  +   (no cloak)
rCorr    .         Harm     .   (no gloves)
MR       .....                  (no boots)
Stlth    ..........             m - +2 amulet of reflection
HPRegen  0.18/turn              r - ring of protection from cold
MPRegen  0.10/turn              (no ring)

@: no status effects
A: permanent stasis, dig shafts and tunnels, four strong arms, antennae 3
a: Dig, Shaft Self


You were on level 5 of the Dungeon.
You were not hungry.

You visited 1 branch of the dungeon, and saw 7 of its levels.

You collected 186 gold pieces.

Inventory:

Hand Weapons
 a - a +0 long sword (weapon)
 s - a +2 hand axe of flaming
Missiles
 j - 73 stones (quivered)
Armour
 c - a +0 shield (worn)
 k - a +0 chain mail (worn)
Jewellery
 m - a +2 amulet of reflection (around neck)
 r - a ring of protection from cold (left hand)
Wands
 w - a wand of clouds (7)
Scrolls
 d - 5 scrolls of identify
 e - 2 scrolls of fog {unknown}
 l - a scroll of noise {unknown}
 p - a scroll of enchant armour {unknown}
 q - a scroll of blinking {unknown}
 t - a scroll of amnesia
Potions
 b - 2 potions of lignification
 g - 2 potions of curing {unknown}
 h - a potion of ambrosia {unknown}
 i - a potion of brilliance {unknown}
 n - a potion of berserk rage {unknown}
 o - a potion of magic {unknown}
 u - a potion of heal wounds {unknown}
Comestibles
 f - 6 rations
 v - 3 chunks of flesh


   Skills:
 + Level 4.2 Fighting
 + Level 5.1 Long Blades
 + Level 5.5 Armour
 + Level 1.4 Dodging
 + Level 1.0 Stealth
 + Level 5.8 Shields


You had 6 spell levels left.
You didn't know any spells.
Your spell library was empty.

Dungeon Overview and Level Annotations

Branches:
Dungeon (7/15)
 Temple: D:4-7

Altars:
Xom

Annotations:
D:5 Pikel


Innate Abilities, Weirdness & Mutations

You cannot be hasted, slowed, berserked, paralysed or teleported.
You can dig through walls and to a lower floor.
Your four strong arms can wield two-handed weapons with a shield.
You have a pair of large antennae on your head. (SInv)


Message History

You hit Pikel.
Pikel is moderately wounded.
You block Pikel's attack.
You hit Pikel but do no damage.
Pikel is moderately wounded.
You block Pikel's attack. Pikel hits you but does no damage.
You barely miss Pikel.
Pikel is moderately wounded.
Pikel hits you with a whip of electrocution.
You hit Pikel but do no damage.
Pikel is moderately wounded.
Pikel hits you but does no damage.
You barely miss Pikel.
Pikel is moderately wounded.
Pikel hits you but does no damage.
You are electrocuted!
* * * LOW HITPOINT WARNING * * *
You closely miss Pikel.
Pikel is moderately wounded.
Pikel hits you but does no damage.
You are electrocuted!
You die...

.# #.# .#.......... #.#####
.#........[.# #>....#
.#..........# #.###.#....≈≈≈.
.#..........# #.# #.#....≈≈≈
.#..........# #.# #.#...P≈≈###+#
.#..........# #.# #.#....≈≈#{..#
.#..........# #.# #.#....≈≈#gg.#
.#..........# #@# #.#....≈≈#####
.##...##########K# #.#....≈≈≈≈≈≈≈
.##...##......##p# #.#....≈≈≈≈≈≈≈
.##...##..)...##p###.#.....P.....
.......'......+....{........p....
########......#.#############...o
.......'......#. #.##.
########........ ......
####....#+#..... ##.....


You could see Pikel and 2 slaves.

Vanquished Creatures
  Sigmund (D:2)
  An ice beast (D:5)
  A slave (D:5)
  2 crimson imps
  A hound (D:5)
  2 orc priests (D:3)
  2 orc wizards
  A worker ant (D:7)
  4 gnolls (D:5)
  6 adders
  An ooze (D:2)
  An adder zombie (D:5)
  3 worms
  6 dart slugs
  2 leopard geckos
  15 orcs
  2 giant cockroaches
  3 goblins (D:3)
  8 hobgoblins
  2 jackals (D:5)
  3 quokkas
  4 bats
  6 frilled lizards
  A jackal skeleton (D:7)
  6 kobolds
  4 rats
88 creatures vanquished.

Notes
Turn   | Place    | Note
-------+----------+-------------------------------------------
     0 | D:1      | Cykl0x the Formicid Fighter began the quest for the Orb.
     0 | D:1      | Reached XP level 1. HP: 18/18 MP: 1/1
   455 | D:1      | Reached XP level 2. HP: 24/24 MP: 2/2
   926 | D:2      | Reached XP level 3. HP: 28/29 MP: 3/3
  1328 | D:2      | Noticed Sigmund
  1348 | D:2      | Killed Sigmund
  1348 | D:2      | Reached skill level 1 in Dodging
  1348 | D:2      | Reached XP level 4. HP: 18/37 MP: 4/4
  1348 | D:2      | Reached XP level 5. HP: 21/42 MP: 5/5
  1348 | D:2      | Reached XP level 6. HP: 24/48 MP: 6/6
  2392 | D:3      | Found a stormy altar of Qazlal.
  2396 | D:3      | Found a glowing golden altar of the Shining One.
  2396 | D:3      | Found a shimmering altar of Xom.
  2398 | D:3      | Found a shimmering altar of Xom.
  2398 | D:3      | Found a shattered altar of Ashenzari.
  2398 | D:3      | Found a blossoming altar of Fedhas.
  2728 | D:4      | You fall through a shaft for 3 floors!
  2755 | D:7      | Reached XP level 7. HP: 35/54 MP: 7/7
  2777 | D:7      | Reached skill level 5 in Armour
  3043 | D:5      | Entered Level 5 of the Dungeon
  3049 | D:5      | Reached skill level 5 in Shields
  3225 | D:5      | Reached skill level 1 in Stealth
  3250 | D:5      | Reached skill level 5 in Long Blades
  3356 | D:5      | Noticed Pikel
  3421 | D:5      | Slain by Pikel

Skill      XL: |  1  2  3  4  5  6  7 |
---------------+----------------------+-----
Fighting       | 4 |  4.2
Long Blades    | 3 4 5 |  5.1
Armour         | 4 5 |  5.5
Dodging        | 1 |  1.4
Shields        | 4 5 |  5.8
Stealth        | 1 |  1.0

Action                   |  1- 3 |  4- 6 |  7- 9 || total
-------------------------+-------+-------+-------++-------
Melee: Long sword        |    84 |   160 |   133 ||   377
Throw: Stone             |       |     2 |       ||     2
  Use: Scroll            |     2 |     2 |       ||     4
       Potion            |     1 |       |       ||     1
  Eat: Chunk             |     1 |     1 |       ||     2
       Ration            |       |     1 |     1 ||     2
Armor: Scale mail        |    29 |       |       ||    29
       Chain mail        |     4 |    47 |    47 ||    98
Dodge: Dodged            |    32 |    27 |    31 ||    90
Block: Shield            |    35 |    99 |   101 ||   235
       Rpst.: Long sword |    10 |    11 |    11 ||    32
